 Dungeon Crawl Stone Soup version 0.21.0-3-g78d12a8 (webtiles) character file.

101 Monsterracer the Chopper (level 5, 0/39 HPs)
             Began as a Formicid Warper on Jan 12, 2018.
             Was a Follower of Yredelemnul.
             Slain by othur's ghost (3 damage)
             ... on level 3 of the Dungeon.
             The game lasted 00:08:37 (3544 turns).

Monsterracer the Chopper (Formicid Warper)          Turns: 3544, Time: 00:08:38

Health: 0/39       AC: 11    Str: 20 (21) XL:     5   Next: 4%
Magic:  8/8        EV: 13    Int: 11 (13) God:    Yredelemnul [*.....]
Gold:   183        SH:  0    Dex: 13 (15) Spells: 5/8 levels left

rFire    + . .     SeeInvis +   a - +0 hand axe
rCold    + . .     Gourm    .   (no shield)
rNeg     . . .     Faith    .   h - +0 chain mail
rPois    +         Spirit   .   (helmet unavailable)
rElec    +         Reflect  .   (no cloak)
rCorr    +         Harm     .   (no gloves)
MR       .....                  p - +2 pair of boots
Stlth    ..........             (no amulet)
HPRegen  0.13/turn              (no ring)
MPRegen  0.11/turn              (no ring)

@: mighty, agile, resistant
A: permanent stasis, dig shafts and tunnels, four strong arms, antennae 3
a: Dig, Shaft Self, Animate Remains, Renounce Religion


You were on level 3 of the Dungeon.
You worshipped Yredelemnul.
Yredelemnul was aware of your devotion.
You were hungry.

You visited 1 branch of the dungeon, and saw 3 of its levels.

You collected 183 gold pieces.

Inventory:

Hand Weapons
 a - a +0 hand axe (weapon)
Missiles
 e - 5 tomahawks of dispersal (quivered)
Armour
 b - a +0 plate armour
 h - a +0 chain mail (worn)
 p - a +2 pair of boots (worn)
Jewellery
 l - an uncursed ring of ice
Wands
 s - a wand of flame (35)
Scrolls
 g - 4 scrolls of identify {unknown}
 j - 4 scrolls of teleportation {unknown}
 k - 3 scrolls of amnesia {unknown}
 m - a scroll of remove curse {unknown}
 o - a scroll of fear {unknown}
 t - a scroll of immolation {unknown}
Comestibles
 f - 6 rations


   Skills:
 + Level 2.5 Fighting
 * Level 4.4 Axes
 - Level 1.0 Throwing
 + Level 1.6 Armour
 - Level 1.7 Dodging
 - Level 2.1 Spellcasting
 - Level 2.6 Translocations


You had 5 spell levels left.
You knew the following spells:

 Your Spells              Type           Power        Failure   Level  Hunger
a - Lesser Beckoning      Tloc           #.........   97%         3    ####...


Dungeon Overview and Level Annotations

Branches:
Dungeon (3/15)

Altars:
Hepliaklqana
Makhleb
Nemelex Xobeh
Uskayaw
Vehumet
Yredelemnul
The Shining One

Annotations:
D:3 othur's ghost, amateur GrFi


Innate Abilities, Weirdness & Mutations

You cannot be hasted, slowed, berserked, paralysed or teleported.
You can dig through walls and to a lower floor.
Your four strong arms can wield two-handed weapons with a shield.
You have a pair of large antennae on your head. (SInv)


Message History

You start resting.
All of the chunks of flesh in your inventory have rotted away.
HP restored.
Health restored: 39 You climb downwards.
Level annotation: othur's ghost, amateur GrFi
There is a stone staircase leading up here.
j - 4 scrolls labeled SOACLA NEVI EXT (gained 1)
Found a dagger.
You now have 183 gold pieces (gained 9).
You see here a dagger.
You see here a dagger.
Found a faded altar of an unknown god.
Othur's ghost turns its malevolent gaze towards you.
Othur's ghost is too close now for your liking.
You see here 19 stones.
Othur's ghost says, "They'll have to sweep you off the floor after I'm finished with you!"
You are feeling hungry.
Othur's ghost crushes a nearby insect and laughs.
There is a faded altar of an unknown god here.
You cannot tell which god this altar belongs to.
Convert to them anyway?
Okay, then.
You cannot tell which god this altar belongs to.
Convert to them anyway?
Okay, then.
Okay, then.
Press: ? - help, v - describe, . - travel A faded altar of an unknown god.
You cannot tell which god this altar belongs to.
Convert to them anyway?
Yredelemnul accepts your prayer! Yredelemnul welcomes you!
You can now animate remains.
Othur's ghost hits you!
You take 12 damage, and have 27/39 hp.
MASSIVE DAMAGE!!
It was a potion of heal wounds.
You feel much better. Othur's ghost hits you.
You regained 11 hp, and now have 38/39 hp.
You hit othur's ghost but do no damage.
Othur's ghost hits you but does no damage.
It was a potion of agility.
You feel agile all of a sudden. Othur's ghost barely misses you.
Okay, then.
You hit othur's ghost but do no damage. Othur's ghost closely misses you.
You hit othur's ghost but do no damage. Othur's ghost misses you.
You hit othur's ghost but do no damage. Othur's ghost hits you.
You take 1 damage, and have 37/39 hp.
Your chain mail prevents you from hitting othur's ghost.
Othur's ghost misses you. Othur's ghost closely misses you.
You hit othur's ghost.
Othur's ghost is lightly damaged.
Othur's ghost hits you but does no damage.
Your chain mail prevents you from hitting othur's ghost.
Othur's ghost is lightly damaged.
Othur's ghost hits you!
You take 12 damage, and have 26/39 hp.
MASSIVE DAMAGE!!
You completely miss othur's ghost.
Othur's ghost is lightly damaged.
Othur's ghost hits you.
You take 5 damage, and have 21/39 hp.
Unknown command.
Press < or > to pray at altars.
You hit othur's ghost.
Othur's ghost is lightly damaged.
Othur's ghost hits you!
* * * LOW HITPOINT WARNING * * *
You take 8 damage, and have 13/39 hp.
MASSIVE DAMAGE!!
It was a potion of magic.
Magic courses through your body.
Othur's ghost hits you but does no damage.
It was a potion of might.
You feel very mighty all of a sudden. Othur's ghost barely misses you.
You slash othur's ghost!
Othur's ghost is moderately damaged.
Othur's ghost completely misses you.
You hit othur's ghost.
Othur's ghost is moderately damaged.
Othur's ghost hits you.
* * * LOW HITPOINT WARNING * * *
You take 4 damage, and have 9/39 hp.
You barely miss othur's ghost.
Othur's ghost is moderately damaged.
Othur's ghost barely misses you.
You barely miss othur's ghost.
Othur's ghost is moderately damaged.
Othur's ghost hits you but does no damage.
You hit othur's ghost.
Othur's ghost is moderately damaged.
Othur's ghost hits you.
* * * LOW HITPOINT WARNING * * *
You take 6 damage, and have 3/39 hp.
It was a potion of degeneration.
There was something very wrong with that liquid.
You feel weakened.
You feel dopey.
You feel clumsy. Othur's ghost barely misses you.
You feel more agile all of a sudden. Othur's ghost completely misses you.
It was a potion of resistance.
You feel protected. Othur's ghost hits you.
You die...
Your body rises from the dead as a mindless zombie.

#.# #.##.### #.#
#.###.#. ##.##
#.##...# ####
#...###....... #..♣
♣...♣......... #.♣♣
♣♣♣.....#..... #)♣
♣♣♣♣.♣..##....
#.♣♣♣♣♣♣..♣♣...##....
##..♣@W♣.♣.♣..).###...
#..♣♣♣♣.♣♣.♣....###...
#...♣♣.♣♣♣.♣♣.........
#....♣.♣..♣♣.....##...
#...♣♣♣♣♣♣..♣..#.###.#
#...♣.♣ ♣♣♣...#.###.#
#.....♣♣♣♣♣....#.....#
#.##...♣.♣♣.#######..#
#.....#.#......#....##


You could see othur's ghost.

Vanquished Creatures
  2 adders
  4 dart slugs
  3 leopard geckos (D:1)
  5 orcs (D:3)
  10 bats
  4 giant cockroaches
  10 goblins
  6 hobgoblins
  7 kobolds
  A quokka (D:3)
  A ball python (D:2)
  3 frilled lizards
  8 rats
64 creatures vanquished.

Vanquished Creatures (others)
  A rat (D:2)
1 creature vanquished.

Grand Total: 65 creatures vanquished

Notes
Turn   | Place    | Note
-------+----------+-------------------------------------------
     0 | D:1      | Monsterracer the Formicid Warper began the quest for the Orb.
     0 | D:1      | Reached XP level 1. HP: 16/16 MP: 3/3
    13 | D:1      | HP: 8/16 [hobgoblin (5)]
   297 | D:1      | Reached XP level 2. HP: 21/22 MP: 5/5
   372 | D:1      | Reached skill level 3 in Axes
   520 | D:1      | Reached XP level 3. HP: 27/27 MP: 6/6
   525 | D:1      | Learned a level 3 spell: Lesser Beckoning
   666 | D:1      | HP: 13/27 [kobold (1)]
   671 | D:1      | HP: 11/27 [kobold (2)]
  1601 | D:2      | Reached skill level 4 in Axes
  1601 | D:2      | Reached XP level 4. HP: 33/33 MP: 7/7
  1641 | D:2      | Found a hazy altar of Hepliaklqana.
  1789 | D:2      | HP: 16/33 [poisoned by an adder]
  1797 | D:2      | HP: 15/33 [poisoned by an adder]
  2153 | D:2      | Found a radiant altar of Vehumet.
  2234 | D:3      | Noticed othur's ghost (amateur GrFi)
  2240 | D:3      | HP: 11/33 [othur's ghost (9)]
  2573 | D:3      | Found a glowing golden altar of the Shining One.
  2603 | D:3      | Found a burning altar of Makhleb.
  2709 | D:3      | Found a hide-covered altar of Uskayaw.
  2721 | D:3      | Found a sparkling altar of Nemelex Xobeh.
  3088 | D:3      | Reached XP level 5. HP: 38/39 MP: 8/8
  3145 | D:3      | HP: 13/39 [othur's ghost (11)]
  3412 | D:3      | Found a faded altar of an unknown god.
  3523 | D:3      | Became a worshipper of Yredelemnul the Dark
  3523 | D:3      | Reached * piety under Yredelemnul
  3534 | D:3      | HP: 13/39 [othur's ghost (8)]
  3541 | D:3      | HP: 3/39 [othur's ghost (6)]
  3544 | D:3      | Slain by othur's ghost

Skill      XL: |  1  2  3 |
---------------+----------+-----
Axes           | 3 4 |  4.4
Fighting       | |  2.5
Throwing       | |  1.0
Armour         | |  1.6
Dodging        | |  1.7
Spellcasting   | |  2.1
Translocations | |  2.6

Action                   |  1- 3 |  4- 6 || total
-------------------------+-------+-------++-------
Melee: Hand axe          |   126 |   146 ||   272
  Use: Potion            |       |     7 ||     7
  Eat: Chunk             |     2 |     6 ||     8
Armor: Leather armour    |     7 |       ||     7
       Ring mail         |     9 |       ||     9
       Chain mail        |    37 |    72 ||   109
Dodge: Dodged            |    87 |    61 ||   148

Vault maps used:
D:1:      minmay_arrival_checkered_box
D:2:      lemuel_doored_altar, fiery_altar_vehumet
D:3:      amethyst_overflow_temple_binary, lightli_temple_of_fire,
          overflow_temple_1_default, chequers_ecumenical_altar_grove,
          first_ration, led_sif_book
